 Dungeon Crawl Stone Soup version 0.27-a0-1200-g94dc6ad4cf (webtiles) character file.

Game seed: 6494132820136788877

114 EldarEldrad the Chucker (level 4, -7/42 HPs)
             Began as a Troll Hunter on May 30, 2021.
             Mangled by Sigmund
             ... wielding a +0 scythe
              (9 damage)
             ... on level 4 of the Dungeon.
             The game lasted 00:11:08 (2515 turns).

EldarEldrad the Chucker (Troll Hunter)              Turns: 2515, Time: 00:11:09

Health: -7/42      AC:  4    Str: 20    XL:     4   Next: 67%
Magic:  3/3        EV: 10    Int:  7    God:
Gold:   186        SH:  0    Dex: 11    Spells: 3/3 levels left

rFire    . . .     SeeInvis .     - Unarmed
rCold    + . .     Faith    .   (no shield)
rNeg     . . .     Spirit   .   b - +0 robe
rPois    .         Reflect  .   (helmet restricted)
rElec    .         Harm     .   (no cloak)
rCorr    .         Rampage  .   (gloves unavailable)
Will     .....                  (boots unavailable)
Stlth    +.........             (no amulet)
HPRegen  1.14/turn              a - ring of protection from cold
MPRegen  0.08/turn              (no ring)

@: brilliant
A: large, unfitting armour, claws 3, regeneration 1, shaggy fur 1, tough skin 1,
high mp 1, subdued magic 1
a: no special abilities


You were on level 4 of the Dungeon.
You visited 1 branch of the dungeon, and saw 4 of its levels.

You collected 186 gold pieces.

Inventory:

Missiles
 c - 3 large rocks (quivered)
 d - 2 throwing nets
 f - 173 stones
 p - 5 poisoned darts
Armour
 b - a +0 robe (worn)
Jewellery
 a - a ring of protection from cold (left claw)
 m - a ring of ice
Wands
 r - a wand of charming (9)
Scrolls
 e - 3 scrolls of teleportation {unknown}
 g - a scroll of fear {unknown}
 l - a scroll of amnesia {unknown}
 n - a scroll of fog {unknown}
 q - a scroll of immolation {unknown}
 s - a scroll of noise {unknown}
Potions
 o - a potion of attraction {unknown}


   Skills:
 + Level 2.3 Fighting
 + Level 4.0 Throwing
 + Level 2.2 Dodging
 - Level 0.3 Stealth
 * Level 2.6 Unarmed Combat


You had 3 spell levels left.
You didn't know any spells.
Your spell library was empty.

Dungeon Overview and Level Annotations

Branches:
Dungeon (4/15)
 Temple: D:4-7

Altars:
Zin

Shops:
D:1 (

Annotations:
D:4 Sigmund


Innate Abilities, Weirdness & Mutations

You are too large for most types of armour.
You have claws for hands.
Your natural rate of healing is unusually fast.
You are covered in fur. (AC +1)
You have tough skin. (AC +1)
You have an increased reservoir of magic. (+10% MP)
Your spells are a little easier to cast, but a little less powerful.


Message History

You resist with some effort.
Throw: 4 large rocks
Press: ? - help, Q - select action, (/) - cycle Shift-Dir - straight line, f/p - Sigmund
Aim: Sigmund, wielding a +0 scythe and wearing a +1 robe of fire resistance (55% to hit)
You throw a large rock. The large rock hits Sigmund.
Sigmund is lightly wounded.
Sigmund points at you and mumbles some strange words.
You are confused.
Non-targeted confused throw: 3 large rocks
Press: ? - help, Q - select action, (/) - cycle Dir - look around, f - activate You throw a large rock.
Sigmund says, "I'm your fate."
Sigmund casts a spell at himself.
Sigmund flickers and vanishes!
Deactivating autopickup; reactivate with Ctrl-A.
c - 3 large rocks (gained 1)
You bump into the rock wall.
Something hits you!
You feel less confused. Something hits you!
You scratch something.
You hear some strange, mumbled words.
Something tries to affect you, but you resist.
You completely miss something. Something hits you!
You scratch something. Something hits you.
It was a potion of cancellation.
You feel magically purged.
You hear some strange, mumbled words.
A magic dart appears from out of thin air!
The magic dart hits you!
* * * LOW HITPOINT WARNING * * *
It was a potion of curing.
You feel better. Something hits you!
* * * LOW HITPOINT WARNING * * *
It was a potion of brilliance.
You feel clever all of a sudden. Something hits you.
* * * LOW HITPOINT WARNING * * *
It was a potion of mutation.
You feel extremely strange.
Your connection to magic feels subdued.
You feel more energetic. Something hits you!
You die...

###############
#.............#
#.###########.# #.#
#.# #.# #.# #.# #.#
#.# #.#
...#######.#### #.#
.((....{@.....# #.#
#..####.#####.### #.#
##...# #...# #.#
.....# #.#.### #.#
#.##.#.# #.....# #.#
#....#.#####.....#
#.#
###............####.#
#.##............#.##
#
#.######....#####..#


There were no monsters in sight!

Vanquished Creatures
  Terence (D:3)
  2 adders
  An ufetubus (D:4)
  A worm (D:4)
  5 dart slugs
  8 ball pythons
  2 endoplasms
  6 giant cockroaches
  A goblin (D:1)
  6 hobgoblins
  6 kobolds
  A quokka (D:1)
  4 bats
  4 frilled lizards
  6 rats
54 creatures vanquished.

Notes
Turn   | Place    | Note
-------+----------+-------------------------------------------
     0 | D:1      | EldarEldrad the Troll Hunter began the quest for the Orb.
     0 | D:1      | Reached XP level 1. HP: 19/19 MP: 0/0
   107 | D:1      | Found a faded altar of an unknown god.
   290 | D:1      | Found Viweatul's Antique Weapon Emporium.
   309 | D:1      | Reached XP level 2. HP: 28/28 MP: 1/1
   318 | D:1      | Reached skill level 1 in Unarmed Combat
   709 | D:2      | Reached XP level 3. HP: 30/35 MP: 2/2
  1342 | D:3      | Noticed Terence
  1348 | D:3      | Killed Terence
  1349 | D:3      | Reached skill level 4 in Throwing
  1349 | D:3      | Reached XP level 4. HP: 32/42 MP: 3/3
  2455 | D:4      | Found a glowing silver altar of Zin.
  2499 | D:4      | Noticed Sigmund
  2514 | D:4      | HP: 1/42 [something (6)]
  2515 | D:4      | Gained mutation: Your spells are a little easier to cast,
                  | but a little less powerful. [potion of mutation]
  2515 | D:4      | Gained mutation: You have an increased reservoir of magic.
                  | (+10% MP) [potion of mutation]
  2515 | D:4      | Mangled by Sigmund

Illustrated notes

Levels and vault maps discovered:
D:1:      scummos_arrival_star, layout_loops_ring, serial_shops,
          nicolae_shop_stone, basic_ecumenical_altar, minmay_hexomino_c4
D:2:      layout_loops_ring
D:3:      layout_loops_corners, uniq_terence
D:4:      layout_loops_ring, marbit_many_paths, zin_treasury, uniq_sigmund

Skill      XL: |  1  2  3 |
---------------+----------+-----
Unarmed Combat | 1 2 |  2.6
Fighting       | 2 |  2.3
Dodging        | 2 |  2.2
Throwing       | 4 |  4.0
Stealth        | |  0.3

Action                   |  1- 3 |  4- 6 || total
-------------------------+-------+-------++-------
Melee: Unarmed           |    64 |    29 ||    93
       Punch             |     1 |       ||     1
Throw: Large rock        |     3 |     3 ||     6
       Stone             |    40 |    54 ||    94
  Use: Potion            |       |     4 ||     4
Armor: Robe              |    19 |    12 ||    31
Dodge: Dodged            |    13 |    15 ||    28

Table legend: (Time is in decaauts)
 A = Elapsed time spent in this place.
 B = Non-inter-level travel time spent in this place.
 C = Inter-level travel time spent in this place.
 D = Time resting spent in this place.
 E = Time spent auto-exploring this place.
 F = Levels seen in this place.
 G = Mean time per level.
                   A        B        C        D        E       F      G
               +--------+--------+--------+--------+--------+-----+--------+
         Total |   2506 |   2372 |    134 |     12 |   1713 |   4 |  626.5 |
       Dungeon |   2506 |   2372 |    134 |     12 |   1713 |   4 |  626.5 |
               +--------+--------+--------+--------+--------+-----+--------+

Top non-repeatable levels by time:
     D:3: 1024 daAuts
     D:1: 653 daAuts
     D:2: 548 daAuts
     D:4: 280 daAuts
